AoeStats
← 从不压堡之人

Oasis

509040666Analyzed
4v4 RM · 7d ago on Sep 25, 2026· 24m 1s· 8 players
Game mode
Random Map
Map size
Large (8 player)
Population
200
Speed
Normal
Resources
Standard
Victory
Conquest
Starting age
Dark Age
Ending age
Imperial Age
RankedLock teamsTeams togetherTeam positionsShared explorationLock speedFull tech treeHidden civsTurbo modeCheats
Victory
Defeat
🇨🇳 Georgians · China
1428
+9
🇨🇳 Slavs · China
1265
+16
1184
+19
🇨🇳 Turks · China
1057
+24
🇹🇼 Vikings · Taiwan
1282
-18
🇹🇼 Hindustanis · Taiwan
1254
-17
🇨🇳 Dravidians · China
1252
-17
🇨🇳 Bohemians · China
1231
-16
asbt5678
8:19 Loom
10:04 Feudal Age
14:07 Castle Age
12:23 Man-at-Arms
15:12 Double-Bit Axe
15:44 Long Swordsman
16:29 Scale Mail Armor
20:15 Wheelbarrow
OUJ
10:28 Feudal Age
8:44 Loom
10:37 Feudal Age
8:54 Loom
10:40 Feudal Age
8:59 Loom
14:49 Castle Age
12:36 Double-Bit Axe
13:19 Gold Mining
15:08 Wheelbarrow
17:14 Horse Collar
19:36 Bloodlines
a506b8123il
7:55 Loom
7:59 Loom
10:41 Feudal Age
muui
4:13 Loom
12:33 Feudal Age
17:26 Town Watch
24:54 Wheelbarrow
kirk
9:34 Feudal Age
10:43 Double-Bit Axe
12:00 Horse Collar
13:00 Forging
12:58 Scale Barding Armor
14:59 Loom
15:28 Forging
21:59 Castle Age
21:13 Bloodlines
23:50 Iron Casting
23:33 Husbandry
从不压堡之人
9:56 Feudal Age
10:19 Horse Collar
10:25 Double-Bit Axe
13:52 Bloodlines
15:56 Scale Barding Armor
17:15 Wheelbarrow
20:36 Forging
25:31 Castle Age
叫声乌鸦哥
8:39 Feudal Age
8:34 Loom
8:41 Man-at-Arms
11:17 Fletching
13:27 Horse Collar
13:33 Double-Bit Axe
19:21 Wheelbarrow
21:48 Castle Age
B站胡某怎么还在种田
1:18 Loom
3:22 Loom
9:16 Feudal Age
8:59 Loom
9:59 Double-Bit Axe
11:36 Gold Mining
13:08 Fletching
15:50 Wheelbarrow
17:12 Horse Collar
22:21 Castle Age
20:43 Padded Archer Armor
22:58 Bodkin Arrow
22:23 Crossbowman
Connection lost

Rejoining the realm…

Still unreachable

The connection could not be restored.

Session expired

The server has moved on; the page needs a fresh start.